 Dungeon Crawl Stone Soup version 0.17.0-24-gcfadda4 (webtiles) character file.

333 4thArraOfDagon the Sneak (level 6, 0/27 HPs)
             Began as a Felid Ice Elementalist on Nov 17, 2015.
             Succumbed to a killer bee's poison
             ... on level 8 of the Dungeon.
             The game lasted 00:05:56 (957 turns).

4thArraOfDagon the Sneak (Felid Ice Elementalist)    Turns: 957, Time: 00:05:56

Health: 0/27       AC:  6    Str:  4    XL:     6   Next: 27%
Magic:  7/10       EV: 20    Int: 17    God:
Gold:   38         SH:  0    Dex: 18    Spells: 2 memorised, 5 levels left
                                        Lives:  0   Deaths: 1

rFire  . . .     SeeInvis +       - Unarmed
rCold  . . .     Clarity  .     (armour unavailable)
rNeg   . . .     SustAt   .     (shield unavailable)
rPois  .         Gourm    .     (helmet unavailable)
rElec  .         Spirit   .     (cloak unavailable)
rCorr  .         Warding  .     (gloves unavailable)
rMut   .         Stasis   .     (boots unavailable)
MR     .....                    (no amulet)
Stlth  ++++......               (no ring)
                                e - +4 ring of protection

@: lethally poisoned (0 -> -11), exhausted, very slightly contaminated, slowed,
slow, not resistant to hostile enchantments, stealthy
A: no armour, no weapons or thrown items, claws 1, fangs 3, see invisible,
carnivore 3, speed 1, shaggy fur 2, slow metabolism 1, sharp paws
a: no special abilities


You were on level 8 of the Dungeon.
You were not hungry.

You visited 1 branch of the dungeon, and saw 8 of its levels.

You collected 38 gold pieces.

Inventory:

Jewellery
 e - a +4 ring of protection (left paw)
Potions
 d - a potion of heal wounds
Books
 a - a book of Frost

   Spells                             Type                      Level
   a - Freeze                         Ice                          1
   b - Throw Frost                    Conjuration/Ice              2
   c - Ozocubu's Armour               Charms/Ice                   3
   d - Throw Icicle                   Conjuration/Ice              4
   e - Summon Ice Beast               Ice/Summoning                4
   f - Condensation Shield            Ice                          4


   Skills:
 + Level 2.6 Fighting
 + Level 4.9 Dodging
 + Level 5.2 Stealth
 * Level 4.4 Unarmed Combat
 - Level 2.0 Spellcasting
   Level 0.8 Conjurations
 - Level 2.6 Ice Magic


You had 5 spell levels left.
You knew the following spells:

 Your Spells              Type           Power        Failure   Level  Hunger
a - Freeze                Ice            ##..         10%         1    #......
b - Ozocubu's Armour      Chrm/Ice       #.......     38%         3    ###....


Dungeon Overview and Level Annotations

Branches:
Dungeon (8/15)
 Temple: D:4-7         Lair: D:8-11

Altars:
Gozag
Kikubaaqudgha
Okawaru
Qazlal

Annotations:
D:5 Grinder
D:7 Menkaure
D:8 Erica


Innate Abilities, Weirdness & Mutations

You cannot wear armour.
You are incapable of wielding weapons or throwing items.
You have sharp claws.
You have razor-sharp teeth.
You have supernaturally acute eyesight.
You are carnivorous and can eat meat at any time.
You cover ground quickly.
You are covered in thick fur (AC +2).
You have a slow metabolism.
Your sharp claws are effective at attacking unaware monsters.


Message History

* * * LOW HITPOINT WARNING * * *
You feel sick. The killer bee stings you.
* * * LOW HITPOINT WARNING * * *
The killer bee closely misses you.
Unknown command.
You miss the killer bee.
The killer bee is almost dead.
* * * LOW HITPOINT WARNING * * *
You feel sick.
The killer bee stings you but does no damage.
The killer bee stings you.
* * * LOW HITPOINT WARNING * * *
You are more poisoned.
The killer bee poisons you! The killer bee misses you.
Unknown command.
* * * LOW HITPOINT WARNING * * *
You feel sick. The killer bee completely misses you.
Unknown command.
Unknown command.
You die...

#.###########
####...####.#
#.#.........#
..............
#.#.........+
.#####..###...
#.#.........# #..#
#... . #.# #+# #.#
#..# #...
..##.###.# #.#####
#..# #...
..+......###.....#
##.# #...
..##.##....#.###.#
.......# #
#..'....'.# #@#
.......#
####....### #.#
........ #....#
#y# #+###...
#(...# #y# #..
#....# #Z# #..
#....#####.#
#....##....#
#....##....#
#....##....#


You could see 2 killer bees and an adder skeleton.

Vanquished Creatures
  A hungry ghost (D:8)
  A scorpion (D:6)
  3 killer bees (D:8)
  A hound (D:5)
  An iguana (D:8)
  A giant frog skeleton (D:8)
  2 worker ants (D:8)
  2 bats
  A bat skeleton (D:8)
  2 giant cockroaches
  3 jackals
  A kobold (D:2)
  A goblin (D:1)
20 creatures vanquished.

Notes
Turn   | Place    | Note
--------------------------------------------------------------
     0 | D:1      | 4thArraOfDagon the Felid Ice Elementalist began the quest for the Orb.
     0 | D:1      | Reached XP level 1. HP: 7/7 MP: 4/4
   104 | D:2      | Reached skill level 3 in Dodging
   173 | D:3      | Reached skill level 1 in Unarmed Combat
   255 | D:3      | Reached XP level 2. HP: 11/11 MP: 6/6
   317 | D:4      | Noticed an ogre
   359 | D:5      | Entered Level 5 of the Dungeon
   363 | D:5      | Reached XP level 3. HP: 13/15 MP: 3/7
   375 | D:5      | Noticed Grinder
   409 | D:5      | Found an iron altar of Okawaru.
   410 | D:5      | Found an opulent altar of Gozag.
   422 | D:6      | Noticed a scorpion
   428 | D:6      | Killed a scorpion
   428 | D:6      | Reached skill level 1 in Fighting
   428 | D:6      | Reached XP level 4. HP: 19/19 MP: 6/8
   435 | D:6      | Noticed an ogre
   466 | D:6      | Learned a level 3 spell: Ozocubu's Armour
   474 | D:6      | Noticed a water moccasin
   525 | D:7      | Noticed Menkaure
   624 | D:7      | You fall through a shaft!
   624 | D:8      | Found an ancient bone altar of Kikubaaqudgha.
   649 | D:8      | Noticed a hungry ghost
   655 | D:8      | Reached skill level 4 in Stealth
   687 | D:8      | Noticed Erica
   709 | D:8      | Found a stormy altar of Qazlal.
   767 | D:8      | Noticed a hungry ghost
   818 | D:8      | Killed a hungry ghost
   818 | D:8      | Reached XP level 5. HP: 9/22 MP: 9/9
   834 | D:8      | Gained mutation: You are covered in thick fur (AC +2). [Felid growth]
   834 | D:8      | Reached XP level 6. HP: 3/26 MP: 7/10
   839 | D:8      | HP: 1/39 [poisoned by a worker ant]
   847 | D:8      | Succumbed to a worker ant's poison
   848 | D:8      | Reached XP level 5. HP: 0/22 MP: 8/9
   879 | D:8      | Noticed a steam dragon
   932 | D:8      | Reached skill level 5 in Stealth
   936 | D:8      | Reached XP level 6. HP: 25/27 MP: 4/10
   956 | D:8      | HP: 1/27 [poisoned by a killer bee]
   957 | D:8      | Succumbed to a killer bee's poison

Action                   |  1- 3 |  4- 6 || total
-------------------------+-------+-------++-------
Melee: Unarmed           |    33 |    81 ||   114
 Cast: Freeze            |     5 |     4 ||     9
       Ozocubu's Armour  |       |     1 ||     1
  Use: Scroll            |       |     4 ||     4
       Potion            |       |     2 ||     2
 Stab: Sleeping          |     5 |     3 ||     8
  Eat: Chunk             |     5 |     2 ||     7
       Meat ration       |       |     1 ||     1
